Construct Section Command Post
Selects Indian Artillery Battlegroup
Selects Towed ML 4.2-inch Heavy Mortar
Towed ML 4.2-inch Heavy Mortar
Construct Field Infirmary
Construct Platoon Command Post
Selects Gurkha Rifles Section
Construct Field Infirmary
Construct Company Command Post
Construct Company Command Post
Towed ML 4.2-inch Heavy Mortar
Selects Volunteer Infantry
Unlock Bishop Self-propelled Artillery
Selects Off-map Airburst Barrage
Towed ML 4.2-inch Heavy Mortar
Bishop Self-propelled Artillery
Unlock M3 Grant Medium Tanks